 Dungeon Crawl Stone Soup version 0.30-a0-219-gf2db51d15e (webtiles) character file.

Game seed: 7670258072254501349

184 2tousent the Slasher (level 5, -4/43 HPs)
             Began as a Barachi Reaver on Oct 6, 2022.
             Was a Believer of Fedhas.
             Slain by a killer bee (6 damage)
             ... on level 4 of the Dungeon.
             The game lasted 00:07:07 (3277 turns).

2tousent the Slasher (Barachi Reaver)               Turns: 3277, Time: 00:07:08

Health: -4/43      AC:  4    Str: 13    XL:     5   Next: 64%
Magic:  7/8        EV: 12    Int: 13    God:    Fedhas [**....]
Gold:   162        SH:  0    Dex: 13    Spells: 2/8 levels left

rFire   . . .      SeeInvis .    a - +0 falchion
rCold   . . .      Faith    .    (no shield)
rNeg    . . .      Spirit   .    b - +0 leather armour
rPois   .          Reflect  .    o - +0 helmet
rElec   .          Harm     .    (no cloak)
rCorr   +          Rampage  .    (no gloves)
Will    .....                    (no boots)
Stlth   +.........               (no amulet)
HPRegen 0.27/turn                p - ring of resist corrosion
MPRegen 0.11/turn                (no ring)

@: lethally poisoned (-4 -> -20), unable to hop, very slightly contaminated,
slow
A: amphibious, slowness 1, strong legs 1, +LOS
a: Hop, Renounce Religion, Wall of Briars


You were on level 4 of the Dungeon.
You worshipped Fedhas.
Fedhas was pleased with you.
You visited 1 branch of the dungeon, and saw 4 of its levels.

You collected 162 gold pieces.

Inventory:

Hand Weapons
 a - a +0 falchion (weapon)
Armour
 b - a +0 leather armour (worn)
 o - a +0 helmet (worn)
Jewellery
 p - a ring of resist corrosion (left hand)
 q - a ring of willpower
Wands
 h - a wand of charming (5)
Scrolls
 e - 2 scrolls of teleportation {unknown}
 f - a scroll of immolation {unknown}
 g - 3 scrolls of identify {unknown}
 i - a scroll of fear {unknown}
 j - a scroll of poison {unknown}
 n - a scroll of brand weapon {unknown}
 r - a scroll of magic mapping {unknown}
Potions
 c - 5 potions of curing
 d - a potion of attraction {unknown}
 k - a potion of mutation {unknown}
 l - 2 potions of might {unknown}
 m - a potion of lignification {unknown}
 s - a potion of haste {unknown}


   Skills:
 + Level 4.4 Fighting
 - Level 5.0 Long Blades
 - Level 2.1 Dodging
 - Level 2.1 Spellcasting
 + Level 4.8 Conjurations


You had 2 spell levels left.
You knew the following spells:

 Your Spells              Type           Power      Damage    Failure   Level
a - Kiss of Death         Conj/Necr      28%        2d7       12%         1
b - Momentum Strike       Conj/Tloc      14%        3d8       19%         2
c - Hailstorm             Conj/Ice       7%         3d4       34%         3

Your spell library contained the following spells:

 Spells                   Type           Power      Damage    Failure   Level


Dungeon Overview and Level Annotations

Branches:
Dungeon (4/15)
 Temple: D:4-7

Altars:
Fedhas
Sif Muna
Xom

Annotations:
D:3 1 runed translucent door, Crazy Yiuf
D:4 Grinder


Innate Abilities, Weirdness & Mutations

You are amphibious.
You cover ground slowly.
You can hop short distances.
You have an extended range of vision and can be seen from far away.


Message History

2 killer bees come into view.
The killer bee buzzes angrily.
A killer bee comes into view. x2
There are monsters nearby!
Hop to where?
Press: ? - help, Dir - move target Boing!
The killer bee stings you!
You are poisoned.
The killer bee poisons you!
You miss the killer bee.
You feel sick. The killer bee closely misses you. The killer bee misses you.
You miss the killer bee.
You feel sick. The killer bee barely misses you. x2
You miss the killer bee.
You feel sick. The killer bee misses you. The killer bee closely misses you.
You barely miss the killer bee.
You feel sick. The killer bee stings you.
You are more poisoned.
The killer bee poisons you! The killer bee barely misses you.
You miss the killer bee.
You feel sick. The killer bee stings you.
You are more poisoned.
The killer bee poisons you! The killer bee barely misses you.
You closely miss the killer bee.
You feel very sick. The killer bee stings you.
You are lethally poisoned!
The killer bee poisons you! The killer bee stings you!
* * * LOW HITPOINT WARNING * * *
Casting: Momentum Strike (safe; 19% risk of failure)
Confirm with . or Enter, or press ? or * to list all spells.
Aiming: Kiss of Death (safe; 12% risk of failure)
Press: ? - help, Shift-Dir - straight line, f - killer bee
Aim: a killer bee (100% to hit)
You miscast Kiss of Death.
You are very lightly contaminated with residual magic.
Nothing appears to happen.
* * * LOW HITPOINT WARNING * * *
You feel very sick. The killer bee stings you.
You die...
Fedhas appreciates your contribution to the ecosystem.

# #
##########
.#
#.......<#
...#.
#.########
.y..#. #.#
..y.. #.#
#####......
#@#
#..y.y.y...
#y# #.#
###.#####.#
#.....y...#
###########


You could see a killer bee.

Vanquished Creatures
  Natasha (twice) (D:2)
  2 orc wizards (D:3)
  A gnoll (D:1)
  An adder (D:2)
  2 worms (D:2)
  2 orcs (D:3)
  5 endoplasms
  7 giant cockroaches
  3 hobgoblins
  13 jackals
  5 kobolds
  A quokka (D:1)
  8 ball pythons
  5 bats
  A frilled lizard (D:2)
  6 goblins
  2 rats
66 creatures vanquished.

Vanquished Creatures (others)
  An orc (D:3)
  A giant cockroach (D:2)
2 creatures vanquished.

Grand Total: 68 creatures vanquished

Notes
Turn   | Place    | Note
-------+----------+-------------------------------------------
     0 | D:1      | 2tousent the Barachi Reaver began the quest for the Orb.
     0 | D:1      | Reached XP level 1. HP: 17/17 MP: 3/3
    49 | D:1      | Reached XP level 2. HP: 11/23 MP: 5/5
    64 | D:1      | Reached skill level 4 in Long Blades
   226 | D:1      | Reached XP level 3. HP: 24/25 MP: 6/6
   272 | D:1      | Learned a level 2 spell: Momentum Strike
   276 | D:1      | Learned a level 3 spell: Hailstorm
   277 | D:1      | Found a faded altar of an unknown god.
   292 | D:1      | Prayed at the altar of an unknown god.
   292 | D:1      | Became a worshipper of Fedhas Madash
   292 | D:1      | Reached * piety under Fedhas
  1258 | D:2      | Reached ** piety under Fedhas
  1259 | D:2      | Reached XP level 4. HP: 24/35 MP: 7/7
  1733 | D:2      | Noticed Natasha
  1800 | D:2      | Killed Natasha
  2198 | D:2      | Noticed Natasha
  2230 | D:2      | Killed Natasha
  2231 | D:2      | Reached XP level 5. HP: 34/40 MP: 8/8
  2449 | D:3      | Found a shimmering blue altar of Sif Muna.
  2504 | D:3      | Reached skill level 5 in Long Blades
  2754 | D:3      | Found a shimmering altar of Xom.
  3168 | D:3      | Found a runed translucent door.
  3169 | D:3      | Noticed Crazy Yiuf
  3220 | D:4      | Noticed Grinder
  3277 | D:4      | HP: 2/43 [poisoned by a killer bee]
  3277 | D:4      | Slain by a killer bee

Illustrated notes

Levels and vault maps discovered:
D:1:      lightli_iron_boxes, layout_basic, nicolae_ecumenical_snake_handling
D:2:      layout_loops_ring, uniq_natasha
D:3:      layout_basic, mainiacjoe_overflow_24_doors, mainiacjoe_overflow_paths,
          serial_glass, glass_columns_b, glass_columns_a,
          uniq_crazy_yiuf_cottage
D:4:      layout_basic, nicolae_yredelemnul_corpse_copse,
          mainiacjoe_overflow_large_starburst, lemuel_temple_firewalk_a,
          uniq_sigmund, uniq_grinder, uniq_duvessa

Skill      XL: |  1  2  3  4  5 |
---------------+----------------+-----
Fighting       | 3 4 |  4.4
Long Blades    | 4 5 |  5.0
Conjurations   | 4 |  4.8
Dodging        | |  2.1
Spellcasting   | |  2.1

Action                   |  1- 3 |  4- 6 || total
-------------------------+-------+-------++-------
Melee: Falchion          |   137 |   135 ||   272
       Punch             |     1 |     1 ||     2
 Cast: Kiss of Death     |     2 |     1 ||     3
       Hailstorm         |     1 |     3 ||     4
       Momentum Strike   |       |     2 ||     2
 Abil: Hop               |       |     4 ||     4
Evoke: Wand              |       |     4 ||     4
  Use: Potion            |       |     2 ||     2
 Stab: Distracted        |       |     1 ||     1
Armor: Leather armour    |    42 |    47 ||    89
Dodge: Dodged            |    87 |   142 ||   229

Table legend: (Time is in decaauts)
 A = Elapsed time spent in this place.
 B = Non-inter-level travel time spent in this place.
 C = Inter-level travel time spent in this place.
 D = Time resting spent in this place.
 E = Time spent auto-exploring this place.
 F = Levels seen in this place.
 G = Mean time per level.
                   A        B        C        D        E       F      G
               +--------+--------+--------+--------+--------+-----+--------+
         Total |   3723 |   3567 |    156 |     73 |   2911 |   4 |  930.8 |
       Dungeon |   3723 |   3567 |    156 |     73 |   2911 |   4 |  930.8 |
               +--------+--------+--------+--------+--------+-----+--------+

Top non-repeatable levels by time:
     D:1: 1326 daAuts
     D:2: 1222 daAuts
     D:3: 1133 daAuts
     D:4: 41 daAuts
